 Dungeon Crawl Stone Soup version 0.30-a0-12-gd8047c6341 (webtiles) character file.

Game seed: 18260065150105390939

16 IdlyInterested the Slasher (level 2, 0/21 HPs)
             Began as a Demonspawn Wanderer on Aug 23, 2022.
             Frozen to death by an endoplasm (5 damage)
             ... on level 1 of the Dungeon.
             The game lasted 00:02:26 (475 turns).

IdlyInterested the Slasher (Demonspawn Wanderer)     Turns: 475, Time: 00:02:27

Health: 0/21       AC:  2    Str: 13    XL:     2   Next: 37%
Magic:  5/5        EV:  7    Int: 13    God:
Gold:   7          SH:  9    Dex: 11    Spells: 5/5 levels left

rFire   . . .      SeeInvis .    a - +2 falchion
rCold   . . .      Faith    .    h - +0 tower shield
rNeg    . . .      Spirit   .    e - +0 robe
rPois   .          Reflect  .    (no helmet)
rElec   .          Harm     .    (no cloak)
rCorr   .          Rampage  .    (no gloves)
Will    +....                    (no boots)
Stlth   +.........               (no amulet)
HPRegen 0.07/turn                g - ring of willpower
MPRegen 0.09/turn                (no ring)

@: no status effects
A: claws 1
a: no special abilities


You were on level 1 of the Dungeon.
You visited 1 branch of the dungeon, and saw 1 of its levels.

You collected 7 gold pieces.

Inventory:

Hand Weapons
 a - a +2 falchion (weapon)
 c - a +0 dagger
Missiles
 b - 7 boomerangs (quivered)
Armour
 e - a +0 robe (worn)
 f - a +0 cloak
 h - a +0 tower shield (worn)
Jewellery
 g - a ring of willpower (left claw)
Potions
 d - a potion of haste


   Skills:
 + Level 1.4 Fighting
 * Level 2.3 Long Blades
 - Level 1.0 Throwing
 + Level 0.7 Dodging
 - Level 1.0 Stealth
 - Level 2.0 Spellcasting
 - Level 1.0 Conjurations
 - Level 2.0 Evocations


You had 5 spell levels left.
You didn't know any spells.
Your spell library contained the following spells:

 Spells                   Type           Power      Damage    Failure   Level
 Searing Ray              Conj           6%         2d4       99%         2
 Static Discharge         Conj/Air       2%         3-4/arc   99%         2


Dungeon Overview and Level Annotations

Branches:
Dungeon (1/15)

Altars:

Shops:
D:1 ?


Innate Abilities, Weirdness & Mutations

You have sharp fingernails.


Message History

You hit the giant cockroach.
The giant cockroach is heavily wounded.
The giant cockroach bites you. The giant cockroach closely misses you.
You closely miss the giant cockroach.
The giant cockroach is heavily wounded.
The giant cockroach bites you but does no damage.
The giant cockroach barely misses you.
You hit the giant cockroach.
You kill the giant cockroach!
An endoplasm comes into view.
A quokka comes into view.
A giant cockroach comes into view.
A quokka comes into view.
The endoplasm quivers.
You barely miss the giant cockroach.
The giant cockroach bites you but does no damage.
The endoplasm freezes you.
You are frozen.
The giant cockroach closely misses you.
You closely miss the giant cockroach. You block the giant cockroach's attack.
The endoplasm hits you. You block the giant cockroach's attack.
The endoplasm freezes you.
You are frozen.
The quokka twitches its whiskers.
You barely miss the giant cockroach. The giant cockroach bites you.
The endoplasm freezes you.
You are frozen.
You block the giant cockroach's attack. The endoplasm freezes you.
You are frozen.
You slash the giant cockroach!
You kill the giant cockroach!
The endoplasm freezes you.
You are frozen.
You hit the endoplasm.
The endoplasm is heavily wounded.
The endoplasm freezes you.
You are frozen.
* * * LOW HITPOINT WARNING * * *
The endoplasm freezes you.
You are frozen.
You die...

#........# #...##
#...#....## #...#
..#.#.#...## #...## #
#.#.#..# #....# #. #
#######†# ##....
#..#.#.#.#.#.###.....##
#..r#.#.#...........##
#.rJ†#....#####.##.#
#@......# #. #.#
#....##.# #. #.# #....#
.# #.# #...:# .# #.
#....# .# ....... .#
.##....#... #....###


You could see an endoplasm and 2 quokkas.

Vanquished Creatures
  An endoplasm (D:1)
  5 giant cockroaches (D:1)
  A goblin (D:1)
  A hobgoblin (D:1)
  A kobold (D:1)
  A quokka (D:1)
  2 ball pythons (D:1)
  A bat (D:1)
13 creatures vanquished.

Notes
Turn   | Place    | Note
-------+----------+-------------------------------------------
     0 | D:1      | IdlyInterested the Demonspawn Wanderer began the quest for
                  | the Orb.
     0 | D:1      | IdlyInterested set off with the following items: a +2
                  | falchion, 7 boomerangs, a +0 dagger, a potion of haste, a
                  | +0 robe; and the following spells available to memorise:
                  | Searing Ray, Static Discharge.
     0 | D:1      | Reached XP level 1. HP: 15/15 MP: 3/3
    76 | D:1      | Found Wurofuh's Magic Scroll Shop.
   177 | D:1      | Found a faded altar of an unknown god.
   183 | D:1      | Discovered your monstrous ancestry.
   183 | D:1      | Gained mutation: You have sharp fingernails. [demonic
                  | ancestry]
   183 | D:1      | Reached XP level 2. HP: 21/21 MP: 5/5
   475 | D:1      | Frozen to death by an endoplasm

Illustrated notes

Levels and vault maps discovered:
D:1:      lightli_arrival_boilingwater, layout_rooms, basic_ecumenical_altar,
          serial_shops, nicolae_shop_stone, minmay_worlds_worst_comb

Skill      XL: |  1 |
---------------+----+-----
Long Blades    | 2 |  2.3
Fighting       | |  1.4
Throwing       | |  1.0
Dodging        | |  0.7
Stealth        | |  1.0
Spellcasting   | |  2.0
Conjurations   | |  1.0
Evocations     | |  2.0

Action                   || total
-------------------------++-------
Melee: Falchion          ||    31
Throw: Boomerang         ||     5
 Stab: Sleeping          ||     1
Armor: Robe              ||    10
Dodge: Dodged            ||    12
Block: Tower shield      ||    12

Table legend: (Time is in decaauts)
 A = Elapsed time spent in this place.
 B = Non-inter-level travel time spent in this place.
 C = Inter-level travel time spent in this place.
 D = Time resting spent in this place.
 E = Time spent auto-exploring this place.
 F = Levels seen in this place.
 G = Mean time per level.
                   A        B        C        D        E       F      G
               +--------+--------+--------+--------+--------+-----+--------+
         Total |    492 |    492 |      0 |    195 |    156 |   1 |  492.0 |
       Dungeon |    492 |    492 |      0 |    195 |    156 |   1 |  492.0 |
               +--------+--------+--------+--------+--------+-----+--------+

Top non-repeatable levels by time:
     D:1: 492 daAuts
